 Dungeon Sprint DCSS version 0.23-a0-405-g368ce00 (webtiles) character file.

813 CelticWarrior the Fighter (level 7, 0/109 HPs)
             Began as a Green Draconian Fighter on Nov 6, 2018.
             Was a Believer of Trog.
             Slain by a two-headed ogre
             ... wielding a +0 great mace
              (19 damage)
             ... in the Dungeon (Sprint IX: "|||||||||||||||||||||||||||||").
             The game lasted 00:03:00 (423 turns).

CelticWarrior the Fighter (Green Draconian Fighter)  Turns: 423, Time: 00:03:01

Health: 0/109      AC:  7    Str: 26    XL:     7   Next: 61%
Magic:  7/7        EV: 18    Int:  8    God:    Trog [**....]
Gold:   0          SH: 13    Dex: 16    Spells: 6/6 levels left

rFire    . . .     SeeInvis .   n - +3 war axe (freeze)
rCold    . . .     Gourm    .   b - +0 shield
rNeg     . . .     Faith    .   (armour unavailable)
rPois    +         Spirit   .   (helmet restricted)
rElec    .         Reflect  .   a - +0 cloak
rCorr    .         Harm     .   (no gloves)
MR       .....     NoTele   +   (no boots)
Stlth    ..........             (no amulet)
HPRegen  0.28/turn              o - +3 ring of dexterity
MPRegen  0.10/turn              p - +3 ring of dexterity

@: berserking, very quick
A: breathe noxious fumes, unfitting armour, poison resistance, cold-blooded, AC
+6
a: Breathe Noxious Fumes, Berserk, Trog's Hand, Renounce Religion


You were in the Dungeon.
You worshipped Trog.
Trog was pleased with you.
You were not hungry.

You visited 1 branch

Inventory:

Hand Weapons
 n - a +3 war axe of freezing (weapon)
Armour
 a - a +0 cloak (worn)
 b - a +0 shield (worn)
Jewellery
 o - a +3 ring of dexterity (left hand)
 p - a +3 ring of dexterity (right hand)
Wands
 m - a wand of acid (10)
Scrolls
 j - 2 scrolls of blinking
 l - 3 scrolls of remove curse
Potions
 c - a potion of might
 e - a potion of invisibility
 f - 2 potions of heal wounds
 g - a potion of haste
 h - 4 potions of magic
 k - 4 potions of curing
Comestibles
 d - a ration


   Skills:
 + Level 10.6 Fighting
 - Level 2.0 Axes
 + Level 9.8 Dodging
 + Level 3.1 Stealth
 + Level 9.6 Shields


You had 6 spell levels left.
You didn't know any spells.
Your spell library was empty.

Dungeon Overview and Level Annotations

Branches:
Dungeon (1/1)

Altars:
Cheibriados
Dithmenos
Elyvilon
Fedhas
Gozag
Hepliaklqana
Kikubaaqudgha
Makhleb
Nemelex Xobeh
Okawaru
Qazlal
Ru
Sif Muna
Trog
Uskayaw
Vehumet
Wu Jian
Xom
Yredelemnul
Zin
The Shining One
Beogh
Jiyva
Lugonu


Innate Abilities, Weirdness & Mutations

You can breathe blasts of noxious fumes.
Your lurid green scales are hard. (AC +6)
You cannot fit into any form of body armour.
Your system is resistant to poisons. (rPois)
You are cold-blooded and may be slowed by cold attacks.


Message History

The deep elf mage hits you but does no damage.
You slice the deep elf mage!! You freeze the deep elf mage.
The deep elf mage is severely wounded.
You slash the two-headed ogre! You freeze the two-headed ogre.
The deep elf mage gestures wildly while chanting.
The deep elf mage blinks!
The two-headed ogre hits you with a +0 great mace!!
You block the two-headed ogre's attack.
You hit the two-headed ogre. You freeze the two-headed ogre.
Your tail-slap misses the two-headed ogre.
The two-headed ogre is severely wounded.
The deep elf mage casts a spell at you. The bolt of lightning misses you.
The two-headed ogre hits you with a +0 great mace!
The two-headed ogre hits you with a +0 giant club!
* * * LOW HITPOINT WARNING * * *
You slash the two-headed ogre! You freeze the two-headed ogre.
The two-headed ogre is almost dead.
The two-headed ogre hits you with a +0 great mace!!
You die... ▓▓▓▓▓▓▓▓▓▓▓▓▓▓▓▓▓▓▓▓▓▓▓▓ '.?|)[.[..e†)...@Olc.... ▓▓▓▓▓▓▓▓▓▓▓▓▓▓▓▓▓▓▓▓▓▓▓▓

You could see a centaur warrior, a two-headed ogre, a deep elf mage and a basilisk.

Vanquished Creatures
  A manticore (D)
  2 water moccasins (D)
  An ice beast (D)
  A scorpion (D)
  An orc wizard (D)
  3 adders (D)
  A bat skeleton (D)
  A giant cockroach (D)
  A goblin (D)
  A hobgoblin (D)
  A quokka (D)
  A bat (D)
  A frilled lizard (D)
  A kobold (D)
17 creatures vanquished.

Vanquished Creatures (others)
  A spatial maelstrom (D)
1 creature vanquished.

Grand Total: 18 creatures vanquished

Notes
Turn   | Place    | Note
-------+----------+-------------------------------------------
     0 | D        | CelticWarrior the Draconian Fighter began the quest for the
                  | Orb.
     0 | D        | Reached XP level 1. HP: 19/19 MP: 1/1
    10 | D        | Banished a spatial maelstrom
    14 | D        | Reached skill level 4 in Fighting
    20 | D        | Noticed a water moccasin
    28 | D        | Reached XP level 2. HP: 28/28 MP: 2/2
    40 | D        | Killed a water moccasin
    40 | D        | Reached skill level 6 in Fighting
    40 | D        | Reached XP level 3. HP: 14/38 MP: 3/3
    40 | D        | Reached XP level 4. HP: 17/45 MP: 4/4
    52 | D        | Found a roughly hewn altar of Beogh.
    52 | D        | Found a snail-covered altar of Cheibriados.
    52 | D        | Found a shadowy altar of Dithmenos.
    52 | D        | Found a white marble altar of Elyvilon.
    52 | D        | Found a blossoming altar of Fedhas.
    52 | D        | Found an opulent altar of Gozag.
   303 | D        | Found a hazy altar of Hepliaklqana.
   304 | D        | Found a viscous altar of Jiyva.
   305 | D        | Found an ancient bone altar of Kikubaaqudgha.
   306 | D        | Found a corrupted altar of Lugonu.
   307 | D        | Found a burning altar of Makhleb.
   308 | D        | Found a sparkling altar of Nemelex Xobeh.
   309 | D        | Found an iron altar of Okawaru.
   310 | D        | Found a stormy altar of Qazlal.
   313 | D        | Found a sacrificial altar of Ru.
   314 | D        | Found a deep blue altar of Sif Muna.
   315 | D        | Found a bloodstained altar of Trog.
   316 | D        | Found a hide-covered altar of Uskayaw.
   317 | D        | Found a radiant altar of Vehumet.
   318 | D        | Found an ornate altar of the Wu Jian Council.
   319 | D        | Found a shimmering altar of Xom.
   320 | D        | Found a basalt altar of Yredelemnul.
   321 | D        | Found a glowing silver altar of Zin.
   322 | D        | Found a glowing golden altar of the Shining One.
   331 | D        | Became a worshipper of Trog the Wrathful
   376 | D        | Noticed an ice beast
   376 | D        | Noticed a water moccasin
   382 | D        | Reached skill level 7 in Fighting
   382 | D        | Reached XP level 5. HP: 52/52 MP: 5/5
   392 | D        | Reached * piety under Trog
   396 | D        | Killed an ice beast
   396 | D        | Reached skill level 8 in Fighting
   396 | D        | Reached skill level 1 in Stealth
   402 | D        | Killed a water moccasin
   402 | D        | Reached skill level 9 in Fighting
   402 | D        | Reached XP level 6. HP: 57/63 MP: 6/6
   405 | D        | Reached ** piety under Trog
   414 | D        | Noticed a manticore
   414 | D        | Noticed a deep elf mage
   414 | D        | Noticed a two-headed ogre
   414 | D        | Noticed a basilisk
   414 | D        | Noticed a centaur warrior
   418 | D        | Killed a manticore
   418 | D        | Reached skill level 10 in Fighting
   418 | D        | Your scales start taking on a lurid green colour.
   418 | D        | Reached XP level 7. HP: 49/73 MP: 7/7
   418 | D        | Gained mutation: Your system is resistant to poisons.
                  | (rPois) [Green Draconian growth]
   423 | D        | Slain by a two-headed ogre

Vault maps used:
D:        linesprint

Skill      XL: |  1  2  3  4  5  6 |
---------------+-------------------+-----
Dodging        | 3 6 8 9 |  9.8
Fighting       | 4 6 7 9 10 | 10.6
Shields        | 4 6 8 9 |  9.6
Stealth        | 1 3 |  3.1
Axes           | |  2.0

Action                   |  1- 3 |  4- 6 |  7- 9 || total
-------------------------+-------+-------+-------++-------
Melee: War axe           |    29 |    35 |     4 ||    68
       Tailslap          |       |     4 |       ||     4
  Use: Potion            |     1 |     1 |     1 ||     3
 Stab: Distracted        |       |     1 |       ||     1
Armor: Skin              |     7 |     6 |       ||    13
Dodge: Dodged            |    19 |    27 |     1 ||    47
Block: Shield            |    16 |    25 |     3 ||    44

Table legend:
 A = Non-vault XP
 B = Vault XP
 C = Vault XP percentage of total XP
 D = Non-vault monster count
 E = Vault monster count
 F = Vault count percentage of total count
                 A         B        C        D         E       F
            +---------+---------+-------+---------+---------+-------
      Total |       0 |    1162 | 100.0 |       0 |      17 | 100.0
            +---------+---------+-------+---------+---------+-------
          D |       0 |    1162 | 100.0 |       0 |      17 | 100.0
            +---------+---------+-------+---------+---------+-------
